 Dungeon Crawl Stone Soup version 0.30-a0-462-gd5975efbca (webtiles) character file.

Game seed: 13389863041874261220

5183 lokiplouj the Covert (level 10, -1/44 HPs)
             Began as a Spriggan Fire Elementalist on Dec 16, 2022.
             Was a Believer of Sif Muna.
             Slain by a vampire mosquito (10 damage)
             ... on level 9 of the Dungeon.
             The game lasted 00:40:59 (12335 turns).

lokiplouj the Covert (Spriggan Fire Elementalist)  Turns: 12335, Time: 00:41:00

Health: -1/44      AC:  6    Str:  4    XL:     10   Next: 34%
Magic:  26/32      EV: 19    Int: 18    God:    Sif Muna [**....]
Gold:   562        SH:  0    Dex: 19    Spells: 24/25 levels left

rFire   . . .      SeeInvis +    l - +1 short sword (venom)
rCold   . . .      Faith    .    (no shield)
rNeg    . . .      Spirit   .    d - +0 acid dragon scales
rPois   +          Reflect  .    (helmet restricted)
rElec   .          Harm     .    (no cloak)
rCorr   +          Rampage  .    (gloves unavailable)
Will    +....                    (boots unavailable)
Stlth   +++++.....               r - amulet of regeneration
HPRegen 1.07/turn                e - ring of magical power
MPRegen 0.23/turn                L - ring of poison resistance

@: very quick
A: very small, no large weapons, unfitting armour, see invisible, speed 3
a: Renounce Religion, Channel Magic


You were on level 9 of the Dungeon.
You worshipped Sif Muna.
Sif Muna was pleased with you.
You visited 2 branches of the dungeon, and saw 11 of its levels.

You collected 562 gold pieces.

Inventory:

Hand Weapons
 l - a +1 short sword of venom (weapon)
Missiles
 y - 3 throwing nets
Armour
 a - a +0 robe
 d - +0 acid dragon scales (worn)
 w - an orb of guile
 M - an orb of light
Jewellery
 e - a ring of magical power (left hand)
 p - an amulet of faith
 r - an amulet of regeneration (around neck)
 B - a ring of protection from fire
 I - a ring of protection from fire
 L - a ring of poison resistance (right hand)
Wands
 j - a wand of paralysis (4)
 D - a wand of flame (39)
Scrolls
 h - 6 scrolls of teleportation
 m - a scroll of fog
 n - 2 scrolls of magic mapping
 o - a scroll of silence
 q - 2 scrolls of poison
 t - 4 scrolls of noise
 u - 3 scrolls of blinking
 v - 2 scrolls of immolation
 E - 3 scrolls of enchant armour
 F - 2 scrolls of amnesia
 G - a scroll of vulnerability
 H - a scroll of enchant weapon
 N - a scroll of brand weapon
Potions
 b - a potion of magic
 c - 2 potions of resistance
 g - a potion of curing
 i - a potion of flight
 k - 2 potions of brilliance
 z - a potion of attraction
 A - a potion of lignification
 J - 2 potions of haste {unknown}
 K - 3 potions of invisibility {unknown}
 O - 2 potions of degeneration {unknown}


   Skills:
 - Level 7.8 Dodging
 + Level 10.7 Stealth
 + Level 8.4 Spellcasting
 + Level 5.0 Conjurations
 * Level 6.6 Fire Magic
 * Level 4.2 Invocations


You had 24 spell levels left.
You knew the following spells:

 Your Spells              Type           Power      Damage    Failure   Level
a - Foxfire               Conj/Fire      100%       2x1d9     1%          1

Your spell library contained the following spells:

 Spells                   Type           Power      Damage    Failure   Level
 Scorch                   Fire           62%        2d8       2%          2
 Kiss of Death            Conj/Necr      64%        2d10      9%          1
 Inner Flame              Hex/Fire       19%        N/A       17%         3
 Flame Wave               Conj/Fire      28%        2d9       21%         4
 Kindle Blastsparks       Fire/Tloc/Air  30%        2d12      28%         3
 Confusing Touch          Hex            7%         N/A       56%         3
 Fulminant Prism          Conj/Hex       8%         3d6       63%         4
 Iskenderun's Mystic Bla  Conj/Tloc      16%        2d5       63%         4
 Dispel Undead            Necr           7%         3d8       92%         4
 Lee's Rapid Deconstruct  Erth           3%         3d5*      99%         5


Dungeon Overview and Level Annotations

Branches:
Dungeon (10/15)            Temple (1/1) D:5            Lair (0/5) D:9
    Orc: D:9-12

Altars:
Ashenzari
Cheibriados
Dithmenos
Elyvilon
Fedhas
Gozag
Hepliaklqana
Kikubaaqudgha
Makhleb
Nemelex Xobeh
Okawaru
Qazlal
Ru
Sif Muna
Trog
Uskayaw
Vehumet
Wu Jian
Xom
Yredelemnul
Zin
The Shining One

Shops:
D:6 [

Annotations:
D:10 Josephine


Innate Abilities, Weirdness & Mutations

You are very small and have problems with some larger weapons.
You are too small for most types of armour.
You have supernaturally acute eyesight. (SInv)
You cover ground extremely quickly. (Speed+++)


Message History

You feel much better. The vampire mosquito misses you.
The vampire mosquito completely misses you.
You hit the vampire mosquito but do no damage.
The vampire mosquito is moderately damaged.
The vampire mosquito barely misses you.
The vampire mosquito closely misses you.
You barely miss the vampire mosquito. Your punch misses the vampire mosquito.
The vampire mosquito is moderately damaged.
The vampire mosquito bites you.
The vampire mosquito draws strength from your injuries!
The vampire mosquito misses you.
You barely miss the vampire mosquito.
The vampire mosquito is lightly damaged.
The vampire mosquito closely misses you.
The vampire mosquito bites you.
The vampire mosquito draws strength from your injuries!
You closely miss the vampire mosquito. The vampire mosquito bites you.
The vampire mosquito draws strength from your injuries!
The vampire mosquito misses you.
You barely miss the vampire mosquito.
The vampire mosquito completely misses you.
The vampire mosquito bites you.
The vampire mosquito draws strength from your injuries!
You closely miss the vampire mosquito.
The vampire mosquito completely misses you.
The vampire mosquito misses you.
You hit the vampire mosquito.
The vampire mosquito is lightly damaged.
The vampire mosquito bites you!
The vampire mosquito draws strength from your injuries!
The vampire mosquito misses you.
You hit the vampire mosquito but do no damage.
The vampire mosquito bites you but does no damage.
The vampire mosquito bites you!
* * * LOW HITPOINT WARNING * * *
The vampire mosquito draws strength from your injuries!
The vampire mosquito attacks as you move away!
The vampire mosquito misses you. The vampire mosquito bites you!
You die...

########...## .#. #.#
....###.....## ##.#. ##.##
.#...#.......#### #..#.#####...#
.#.#.....†.)....# #.##...Y...#.#
.#...#.......##.# #.##.....Y.Y..
.######.....###.# #.###.########
.# ##...## #.# #<# #Y######## ##
##.## #y####.# #......... # #.#
#.@....# #.#######. # #.#
#.###### #.# #. # #.# #.# #Q# #.
# #.# ##.##### #.# #. #
#.####......####.#######. #
#.....................#.. #
#..###...##.####.###..... # #..#
##.###.###..>##..#..
#########..###...##.##.....#..##.


You could see a vampire mosquito.

Vanquished Creatures
  Erica (D:9)
  A tengu warrior (D:8)
  4 yaks
  A steam dragon (D:6)
  3 water moccasins
  An orc warrior (D:8)
  2 sky beasts
  An ice beast (D:7)
  A centaur (D:9)
  5 ogres
  2 kobold brigands
  A phantom (D:7)
  A gnoll sergeant (D:9)
  2 bullfrogs
  2 scorpions
  3 necrophages
  4 wights
  5 killer bees
  3 electric eels (D:8)
  A howler monkey (D:7)
  2 orc priests (D:8)
  2 gnoll boudas
  3 hounds
  6 jellies
  3 orc wizards
  3 iguanas
  16 gnolls
  6 adders
  A white imp (D:6)
  An ufetubus (D:5)
  A worm (D:3)
  26 orcs
  7 endoplasms
  3 giant cockroaches
  8 goblins
  8 hobgoblins
  4 jackals (D:5)
  14 kobolds
  2 quokkas
  6 ball pythons
  5 bats
  2 frilled lizards (D:1)
  5 rats
178 creatures vanquished.

Vanquished Creatures (collateral kills)
  3 foxfires (D:8)
3 creatures vanquished.

Vanquished Creatures (others)
  A two-headed ogre (D:9)
  A wyvern (D:9)
  A basilisk (D:9)
  4 killer bees (D:9)
  An orc wizard (D:9)
  A kobold (D:6)
  952 foxfires
  A fungus (D:9)
  42 plants
1004 creatures vanquished.

Grand Total: 1185 creatures vanquished

Notes
Turn   | Place    | Note
-------+----------+-------------------------------------------
     0 | D:1      | lokiplouj the Spriggan Fire Elementalist began the quest
                  | for the Orb.
     0 | D:1      | Reached XP level 1. HP: 9/9 MP: 5/5
   608 | D:1      | Reached XP level 2. HP: 13/13 MP: 3/6
  1063 | D:2      | Reached skill level 1 in Conjurations
  1424 | D:2      | Reached XP level 3. HP: 16/16 MP: 2/8
  1670 | D:2      | Found a faded altar of an unknown god.
  1803 | D:3      | Found a bloodstained altar of Trog.
  1903 | D:3      | Reached skill level 4 in Stealth
  1988 | D:3      | Reached XP level 4. HP: 21/21 MP: 8/10
  3344 | D:4      | Noticed an ogre
  3357 | D:4      | Killed an ogre
  3358 | D:4      | Reached XP level 5. HP: 24/24 MP: 12/12
  3467 | D:4      | Reached skill level 5 in Stealth
  3633 | D:4      | Reached XP level 6. HP: 28/28 MP: 13/13
  4436 | D:4      | Reached skill level 5 in Dodging
  4436 | D:4      | Reached skill level 6 in Stealth
  4515 | D:4      | Reached XP level 7. HP: 32/32 MP: 15/15
  4690 | D:5      | Entered Level 5 of the Dungeon
  4710 | D:5      | Reached skill level 5 in Spellcasting
  5358 | D:5      | Found a staircase to the Ecumenical Temple.
  5681 | D:5      | Reached skill level 7 in Stealth
  5910 | D:5      | Found a blossoming altar of Fedhas.
  5952 | Temple   | Entered the Ecumenical Temple
  6432 | Temple   | Became a worshipper of Sif Muna the Loreminder
  6485 | D:6      | Reached XP level 8. HP: 36/36 MP: 16/17
  6811 | D:6      | Reached skill level 8 in Stealth
  6912 | D:6      | Found Terphuno's Armour Emporium.
  7141 | D:6      | You fall into a shaft and drop 3 floors!
  7423 | D:7      | Found an opulent altar of Gozag.
  7660 | D:7      | Reached XP level 9. HP: 21/39 MP: 20/20
  7723 | D:7      | Reached skill level 5 in Fire Magic
  7857 | D:7      | Reached skill level 9 in Stealth
  8332 | D:7      | Reached * piety under Sif Muna
  8826 | D:8      | HP: 2/58 [poisoned by a killer bee]
  9369 | D:8      | Found a burning altar of Makhleb.
  9369 | D:8      | Found a shimmering altar of Xom.
  9377 | D:8      | Found a basalt altar of Yredelemnul.
  9379 | D:8      | Found a broken altar of Ashenzari.
  9381 | D:8      | Found a glowing silver altar of Zin.
  9647 | D:8      | Reached skill level 1 in Invocations
 10062 | D:9      | Noticed a tengu warrior
 10847 | D:10     | Entered Level 10 of the Dungeon
 10901 | D:10     | Noticed Josephine
 10960 | D:9      | Noticed a two-headed ogre
 10965 | D:9      | Found a staircase to the Lair.
 11292 | D:8      | Killed a tengu warrior
 11293 | D:8      | Reached skill level 10 in Stealth
 11356 | D:9      | Killed a two-headed ogre
 11562 | D:8      | Reached XP level 10. HP: 44/44 MP: 23/23
 12065 | D:9      | Noticed Erica
 12107 | D:9      | Killed Erica
 12108 | D:9      | Reached skill level 5 in Conjurations
 12154 | D:9      | Reached ** piety under Sif Muna
 12335 | D:9      | Slain by a vampire mosquito

Illustrated notes

Levels and vault maps discovered:
D:1:      spicycebolla_arrival_transporter_tutorial, layout_loops_cross
D:2:      layout_loops_cross, hellmonk_ecumenical_altar_leap_of_faith,
          minivault_5, minmay_close_crescents
D:3:      layout_basic, mainiacjoe_overflow_24_doors
D:4:      cheibrodos_barr_body, layout_cave_pods, feat_on_display
D:5:      layout_rooms, mainiacjoe_overflow_alcove_1,
          minmay_temple_entry_junction_2, serial_curves, eino_curves_04,
          eino_curves_03, minmay_misc_feat_rows
D:6:      layout_rooms, serial_shops, shop
D:7:      layout_loops_corners, nicolae_gozag_seed_capital,
          minmay_misc_feat_doors
D:8:      layout_loops_corners, chequers_temple_overflow_minitemple,
          enter_bailey_4, serial_bayou_lagoon_b
D:9:      layout_loops_ring, minmay_lair_entry_grove, lemuel_flamethrower_2,
          uniq_erica
D:10:     layout_loops_corners, ebering_ghost_funeral_grove, uniq_josephine,
          uniq_lodul, uniq_urug
Temple:   minmay_temple_curvy_branch

Skill      XL: |  1  2  3  4  5  6  7  8  9 10 |
---------------+-------------------------------+-----
Dodging        | 3 4 5 6 7 |  7.8
Spellcasting   | 3 4 5 6 8 |  8.4
Conjurations   | 1 2 3 4 5 |  5.0
Stealth        | 4 5 6 7 8 10 | 10.7
Fire Magic     | 3 4 6 |  6.6
Invocations    | 3 4 |  4.2

Action                   |  1- 3 |  4- 6 |  7- 9 | 10-12 || total
-------------------------+-------+-------+-------+-------++-------
Melee: Unarmed           |    59 |       |       |       ||    59
       Punch             |     2 |       |       |       ||     2
       Short sword       |       |    26 |    61 |    22 ||   109
 Cast: Foxfire           |    59 |   103 |   447 |   103 ||   712
Evoke: Wand              |       |       |     1 |       ||     1
  Use: Scroll            |       |     1 |    16 |       ||    17
       Potion            |       |       |     5 |     1 ||     6
 Stab: Sleeping          |     2 |     3 |       |       ||     5
Armor: Acid dragon scale |    23 |     9 |    31 |    10 ||    73
Dodge: Dodged            |    50 |    25 |   164 |    65 ||   304

Table legend: (Time is in decaauts)
 A = Elapsed time spent in this place.
 B = Non-inter-level travel time spent in this place.
 C = Inter-level travel time spent in this place.
 D = Time resting spent in this place.
 E = Time spent auto-exploring this place.
 F = Levels seen in this place.
 G = Mean time per level.
                   A        B        C        D        E       F      G
               +--------+--------+--------+--------+--------+-----+--------+
         Total |   9575 |   9034 |    541 |   1601 |   5472 |  11 |  870.5 |
       Dungeon |   9263 |   8876 |    387 |   1601 |   5319 |  10 |  926.3 |
        Temple |    312 |    158 |    154 |      0 |    153 |   1 |  312.0 |
               +--------+--------+--------+--------+--------+-----+--------+

Top non-repeatable levels by time:
     D:8: 1978 daAuts
     D:3: 1210 daAuts
     D:7: 1079 daAuts
     D:5: 1077 daAuts
     D:4: 1004 daAuts
     D:9: 895 daAuts
     D:2: 723 daAuts
     D:1: 689 daAuts
     D:6: 554 daAuts
  Temple: 312 daAuts
    D:10: 51 daAuts
